 Dungeon Crawl Stone Soup version 0.31.0-11-ge490571c62 (webtiles) character file.

Game seed: 1417553168929443739

163 ezpacito the Chopper (level 5, -1/42 HPs)
             Began as a Demonspawn Berserker on Jan 31, 2024.
             Was a Believer of Trog.
             Killed from afar by a gnoll (8 damage)
             ... with a bolt of dispelling energy
             ... led by a gnoll bouda
             ... on level 3 of the Dungeon.
             The game lasted 00:03:22 (1759 turns).

ezpacito the Chopper (Demonspawn Berserker)         Turns: 1759, Time: 00:03:22

Health: -1/42      AC:  8    Str: 18    XL:     5   Next: 20%
Magic:  5/5        EV: 11    Int:  7    God:    Trog [**....]
Gold:   106        SH:  0    Dex: 14    Spells: 4/4 levels left

rFire   . . .        a - +0 hand axe
rCold   . . .        (no shield)
rNeg    . . .        g - +0 ring mail
rPois   .            (no helmet)
rElec   .            (no cloak)
rCorr   .            m - +2 pair of gloves
SInv    .            (no boots)
Will    .....        (no amulet)
Stlth   +            (no ring)
HPRegen 0.27/turn    (no ring)
MPRegen 0.09/turn

%: no passive effects
@: on berserk cooldown
A: foul stench 1, weakness stinger 1
a: Renounce Religion, Berserk, Trog's Hand


You were on level 3 of the Dungeon.
You worshipped Trog.
Trog was pleased with you.
You visited 1 branch of the dungeon, and saw 3 of its levels.

You collected 106 gold pieces.

Inventory:

Hand Weapons
 a - a +0 hand axe (weapon)
 k - the +3 sling "Giantbane" {freeze, Int+6}
   (You found it on level 2 of the Dungeon)

   Int+6:     It affects your intelligence (+6).
Missiles
 b - 6 boomerangs (quivered)
 h - 25 stones
Armour
 g - a +0 ring mail (worn)
 m - a +2 pair of gloves (worn)
Wands
 l - a wand of charming (17)
Scrolls
 c - 2 scrolls of identify
 e - a scroll of revelation
 f - 2 scrolls of teleportation {unknown}
 i - a scroll of enchant armour {unknown}
 n - a scroll of torment {unknown}
 o - 3 scrolls of fear {unknown}


   Skills:
 * Level 3.6 Fighting
 * Level 3.7 Axes
 * Level 0.8 Ranged Weapons
 * Level 2.1 Armour
 * Level 2.3 Dodging
 * Level 1.2 Stealth
 * Level 1.1 Unarmed Combat
 * Level 0.3 Evocations


You had 4 spell levels left.
You didn't know any spells.
Your spell library was empty.

Dungeon Overview and Level Annotations

Branches:
Dungeon (3/15)

Altars:

Annotations:
D:3 1 runed translucent door, Crazy Yiuf


Innate Abilities, Weirdness & Mutations

You may rarely emit foul miasma when damaged in melee.
You have a small tail.


Message History

The gnoll closely misses you. The gnoll hits you with a +0 flail.
The gnoll hits you but does no damage.
Unknown command.
It was a potion of brilliance.
You feel clever all of a sudden.
The gnoll zaps a wand.
The bolt of dispelling energy misses you.
The gnoll hits you with a +0 spear. The gnoll misses you.
The gnoll hits you but does no damage.
It was a potion of curing.
You feel better. The gnoll barely misses you. The gnoll closely misses you.
The gnoll barely misses you. The gnoll hits you but does no damage.
The gnoll closely misses you.
You barely miss the gnoll. You closely miss the gnoll. You hit the gnoll.
The gnoll is no longer moving quickly.
The gnoll hits you with a +0 whip. The gnoll misses you.
The gnoll hits you with a +0 flail. The gnoll hits you but does no damage.
Unknown command.
You hit the gnoll.
The gnoll is moderately wounded.
You barely miss the gnoll. You hit the gnoll.
The gnoll is no longer moving quickly.
The gnoll closely misses you.
The gnoll hits you but does no damage. x4; The gnoll misses you.
You closely miss the gnoll.
The gnoll is moderately wounded.
You hit the gnoll. x2; You closely miss the frilled lizard.
The gnoll is no longer moving quickly.
The gnoll hits you with a +0 flail. The gnoll barely misses you.
The gnoll hits you but does no damage. The frilled lizard closely misses you.
The gnoll misses you. The gnoll hits you with a +0 flail.
The gnoll zaps a wand.
The bolt of dispelling energy hits you!
Your magical effects are unravelling.
* * * LOW HITPOINT WARNING * * *
As you read the scroll labelled UMIT BARUFUUHU, it crumbles to dust.
It is a scroll of identify.
e - a scroll of revelation You feel yourself speed up.
You feel a little less clever now.
The frilled lizard bites you but does no damage.
The gnoll hits you but does no damage. x2; The gnoll zaps a wand.
The bolt of dispelling energy hits you!
You die...

#. ####........†. #..
.... ........) ####
#.##.............#
....##.#... #.........#
......... #..........
#.....####..........
#.#)).##..........
#g$))..#..........
#@###)............
......ggl###..)........#
.........# #............
.............###.....###
..........#####...##.# #
..........# #.####.# #
........... ##.####.# #
............ ........###
#..###.....


You could see 3 gnolls and a frilled lizard.

Vanquished Creatures
  A gnoll bouda (D:3)
  An orc wizard (D:3)
  A gnoll (D:1)
  4 adders
  3 dart slugs
  5 orcs (D:3)
  4 endoplasms
  3 giant cockroaches
  5 goblins
  3 hobgoblins
  3 jackals (D:1)
  3 quokkas
  8 ball pythons
  3 bats
  4 frilled lizards
  4 kobolds
  3 rats
58 creatures vanquished.

Notes
Turn   | Place    | Note
-------+----------+-------------------------------------------
     0 | D:1      | ezpacito the Demonspawn Berserker began the quest for the
                  | Orb.
     0 | D:1      | Reached XP level 1. HP: 18/18 MP: 1/1
    88 | D:1      | Gained mutation: You may rarely emit foul miasma when
                  | damaged in melee. [demonic ancestry]
    88 | D:1      | Reached XP level 2. HP: 24/24 MP: 2/2
   565 | D:1      | Gained mutation: You have a small tail. [demonic ancestry]
   565 | D:1      | Reached XP level 3. HP: 22/29 MP: 3/3
  1115 | D:2      | Identified the +3 sling "Giantbane" {freeze, Int+6}
  1123 | D:2      | Reached ** piety under Trog
  1124 | D:2      | Reached XP level 4. HP: 35/35 MP: 4/4
  1552 | D:3      | Reached skill level 1 in Stealth
  1597 | D:3      | Found a runed translucent door.
  1598 | D:3      | Noticed Crazy Yiuf
  1644 | D:3      | Reached skill level 1 in Unarmed Combat
  1752 | D:3      | Reached XP level 5. HP: 39/42 MP: 5/5
  1759 | D:3      | Killed from afar by a gnoll

Illustrated notes

Levels and vault maps discovered:
D:1:      co_arrival_random_square_maze, layout_loops_ring, serial_forest,
          infiniplex_forest_lined_3_way, infiniplex_forest_clump_small,
          infiniplex_forest_lined_3, infiniplex_forest_lined_corner,
          infiniplex_forest_straight_4, infiniplex_forest_lined_2,
          nrook_loot_triangle, item_on_display_a
D:2:      layout_loops_ring
D:3:      layout_rooms, nicolae_gozag_seed_capital, uniq_crazy_yiuf_cottage

Skill      XL: |  1  2  3  4 |
---------------+-------------+-----
Axes           | 3 |  3.7
Dodging        | 2 |  2.3
Armour         | 2 |  2.1
Stealth        | 1 |  1.2
Unarmed Combat | 1 |  1.1
Fighting       | |  3.6
Ranged Weapons | |  0.8
Evocations     | |  0.3

Action                     |  1- 3 |  4- 6 || total
---------------------------+-------+-------++-------
  Melee: Hand axe          |    87 |    54 ||   141
         Tailslap          |     4 |     2 ||     6
         Punch             |       |     2 ||     2
   Fire: Sling             |       |    12 ||    12
 Invoke: Berserk           |       |     1 ||     1
    Use: Potion            |       |     2 ||     2
         Scroll            |       |     1 ||     1
   Stab: Distracted        |     1 |       ||     1
         Sleeping          |     1 |       ||     1
 Armour: Animal skin       |    15 |       ||    15
         Ring mail         |    30 |    56 ||    86
  Dodge: Dodged            |    57 |    37 ||    94
